3US v 3Wehr: Tooth and Nail
Match 29731718
End
Construct Barracks
Selects Special Operations Battlegroup
Selects M29 Weasel Recon Vehicle
M29 Weasel Recon Vehicle
Riflemen Squad
Riflemen Squad
M1 Mortar Team
Riflemen Squad
Mechanized Support Center
Construct Weapon Support Center
M3 75 mm Gun Motor Carriage
M1918 Browning Automatic Rifles
M1919 Machine Gun Team
Construct Tank Depot
Designate Forward Repair Station
Selects P-47 Anti-Infantry Loiter
Selects UNKNOWN (2162291)
P-47 Anti-Infantry Loiter
Engineer Squad
M4(105) Sherman Bulldozer
Improvised Armor
P-47 Anti-Infantry Loiter
Rapid Repairs
Scout Squad
M18 Hellcat Tank Destroyer
Selects Raiding Flares
Selects SSF Commando Squad
Selects Assault Operation
Rearm and Retrofit
P-47 Anti-Infantry Loiter
Raiding Flares
M4A1 Sherman Whizbang
Raiding Flares
Grenade Package
P-47 Anti-Infantry Loiter
Designate Forward Repair Station
Construct Motor Pool
M1 Anti-tank Gun Team
M16 Multiple Gun Motor Carriage
M4A1 Sherman Whizbang
P-47 Anti-Infantry Loiter
Raiding Flares
Engineer Squad
Riflemen Squad
M4A1 Sherman Whizbang
Raiding Flares
M1 Anti-tank Gun Team
P-47 Anti-Infantry Loiter
M16 Multiple Gun Motor Carriage
Raiding Flares
Riflemen Squad
P-47 Anti-Infantry Loiter
Riflemen Squad
Raiding Flares
Designate Forward Repair Station
M1 Anti-tank Gun Team
Raiding Flares
Raiding Flares
M18 Hellcat Tank Destroyer
Raiding Flares
Raiding Flares
Designate Forward Repair Station
M18 Hellcat Tank Destroyer
M18 Hellcat Tank Destroyer
M18 Hellcat Tank Destroyer
Raiding Flares
M18 Hellcat Tank Destroyer
Construct Medical Station
Designate Forward Repair Station
Raiding Flares
Raiding Flares
M4A1 Sherman Whizbang
Jakob
BUBBA_ACTUAL
JollyRedRockett
Ssezra
Bosman
777
0
0
Comments sign in to comment!
No comments posted yet!